AoeStats
← ChrisLeMonk

Arabia

514649934Analyzed
1v1 RM · 29d ago on Oct 18, 2026· 18m 50s· 2 players
Game mode
Random Map
Map size
Tiny (2 player)
Population
200
Speed
Normal
Resources
Standard
Victory
Conquest
Starting age
Dark Age
Ending age
Imperial Age
RankedLock teamsTeams togetherTeam positionsShared explorationLock speedFull tech treeHidden civsTurbo modeCheats
Victory
Defeat
🇷🇴 Saracens · Romania
747
+18
vs
🇩🇪 Franks · Germany
789
-18
ChrisLeMonk
9:54 Feudal Age
13:50 Forging
13:31 Fletching
15:21 Padded Archer Armor
17:51 Gold Mining
shakerL
7:35 Loom
11:24 Feudal Age
16:33 Castle Age
14:23 Double-Bit Axe
16:48 Wheelbarrow
16:53 Gold Mining
Connection lost

Rejoining the realm…

Still unreachable

The connection could not be restored.

Session expired

The server has moved on; the page needs a fresh start.